 Dungeon Crawl Stone Soup version 0.21-a0-140-g479285b (webtiles) character file.

13709 uglyjohn the Grappler (level 11, -2/157 HPs)
             Began as a Troll Berserker on July 19, 2017.
             Was a High Priest of Trog.
             Slain by a yak (11 damage)
             ... on level 11 of the Dungeon.
             The game lasted 00:24:25 (8321 turns).

uglyjohn the Grappler (Troll Berserker)             Turns: 8321, Time: 00:24:25

Health: -2/157     AC:  6    Str: 34    XL:     11   Next: 79%
Magic:  10/10      EV: 14    Int:  3    God:    Trog [*****.]
Gold:   527        SH:  0    Dex: 10    Spells: 10/10 levels left

rFire    + . .     SeeInvis .     - Unarmed
rCold    + + +     Gourm    +   (no shield)
rNeg     . . .     Faith    .   x - +4 skin of Zhor {rC+++}
rPois    .         Spirit   .   (helmet restricted)
rElec    .         Reflect  .   O - +0 cloak {MR+}
rCorr    .         Harm     .   (gloves unavailable)
MR       +++..                  (boots unavailable)
Stlth    ..........             (no amulet)
HPRegen  1.76/turn              C - ring of protection from fire
MPRegen  0.12/turn              v - +4 ring of evasion

@: berserking, corroded, regenerating, drained, very quick
A: unfitting armour, claws 3, fast metabolism 3, gourmand, regeneration 1,
shaggy fur 1, tough skin 2
a: Berserk, Trog's Hand, Brothers in Arms, Burn Spellbooks, Renounce Religion


You were on level 11 of the Dungeon.
You worshipped Trog.
Trog was extremely pleased with you.
You were very full.

You visited 1 branch of the dungeon, and saw 11 of its levels.

You collected 692 gold pieces.
You spent 165 gold pieces at shops.

Inventory:

Hand Weapons
 A - a +0 scimitar of flaming
Missiles
 H - 9 large rocks (quivered)
Armour
 a - a +0 animal skin
 p - a +1 cloak
 x - the +4 skin of Zhor (worn) {rC+++}
   (You found it on level 6 of the Dungeon)

   It renders you almost immune to cold.
 z - a +0 shield
 O - a +0 cloak of magic resistance (worn)
Jewellery
 s - an uncursed amulet of magic regeneration
 v - a +4 ring of evasion (right claw)
 C - a ring of protection from fire (left claw)
Wands
 k - a wand of iceblast (6/15)
 L - a wand of paralysis (17/24)
 N - a wand of lightning (7/15)
Scrolls
 d - 3 scrolls of teleportation
 j - 3 scrolls of recharging
 m - 4 scrolls of remove curse
 n - 2 scrolls of blinking
 o - 2 scrolls of enchant weapon
 t - 2 scrolls of enchant armour
 y - 4 scrolls of magic mapping
 F - 5 scrolls of identify
 J - a scroll of immolation {unknown}
Potions
 e - a potion of berserk rage
 g - 10 potions of curing
 i - 2 potions of invisibility
 l - 4 potions of heal wounds
 q - 4 potions of lignification
 r - a potion of mutation {unknown}
 u - a potion of flight {unknown}
 w - 3 potions of cancellation
 G - a potion of brilliance {unknown}
 I - a potion of agility {unknown}
 M - a potion of degeneration {unknown}
Books
 B - a book of Flames

   Spells                             Type                      Level
   a - Flame Tongue                   Conjuration/Fire             1
   b - Throw Flame                    Conjuration/Fire             2
   c - Conjure Flame                  Conjuration/Fire             3
   d - Inner Flame                    Hexes/Fire                   3
   e - Sticky Flame                   Conjuration/Fire             4
   f - Fireball                       Conjuration/Fire             5
   Trog disapproves of the use of such an item.
 D - a book of Frost

   Spells                             Type                      Level
   a - Freeze                         Ice                          1
   b - Throw Frost                    Conjuration/Ice              2
   c - Ozocubu's Armour               Charms/Ice                   3
   d - Throw Icicle                   Conjuration/Ice              4
   e - Summon Ice Beast               Ice/Summoning                4
   Trog disapproves of the use of such an item.
 E - a book of Misfortune

   Spells                             Type                      Level
   a - Confusing Touch                Hexes                        1
   b - Confuse                        Hexes                        3
   c - Gell's Gravitas                Translocation                3
   d - Petrify                        Transmutation/Earth          4
   e - Metabolic Englaciation         Hexes/Ice                    5
   f - Yara's Violent Unravelling     Hexes/Transmutation          5
   Trog disapproves of the use of such an item.
Comestibles
 b - 7 bread rations
 c - a royal jelly
 f - 8 meat rations
 h - 8 fruits
 K - a chunk of flesh


   Skills:
 + Level 6.1(5.8) Fighting
 - Level 11.4(11.1) Throwing
 - Level 2.4(2.1) Dodging
 - Level 12.9(12.5) Unarmed Combat


You had 10 spell levels left.
You didn't know any spells.

Dungeon Overview and Level Annotations

Branches:
Dungeon (11/15)            Temple (0/1) D:7            Lair (0/6) D:9
    Orc (0/2) D:9

Altars:
Makhleb
Ru
Sif Muna
The Shining One

Shops:
D:6 }(!?   D:8 ?


Innate Abilities, Weirdness & Mutations

You are too large for most types of armour.
You have claws for hands.
Your metabolism is lightning-fast.
You like to eat raw meat.
Your natural rate of healing is unusually fast.
You are covered in fur. (AC +1)
You have very tough skin. (AC +2)


Message History

The yak barely misses you. The hound closely misses you. The yak gores you!
* * * LOW HITPOINT WARNING * * *
The wight hits you but does no damage. The yak closely misses you.
You closely miss the wight.
The wight is heavily damaged.
The hound bites you but does no damage. The yak closely misses you.
The yak gores you!
* * * LOW HITPOINT WARNING * * *
You mangle the wight!!
You destroy the wight!
Trog accepts your kill. The yak gores you!
* * * LOW HITPOINT WARNING * * *
The hound bites you but does no damage.
Unknown command.
Unknown command.
You barely miss the yak. You claw the yak!
The yak is moderately wounded.
The yak gores you!
You die...

................###.......
..........................
..............))..........
.........)................
..........)...............
..........................
............†.............
................YY........
................@hY.......
................)Y........
..........................
............†.............
................###$......
...............## #.....
...............# .....
...............## .....
......))........###.


You could see 4 yaks and a hound.

Vanquished Creatures
  Harold (D:10)
  Erica (D:8)
  2 two-headed ogres
  3 death yaks (D:9)
  Urug (D:10)
  Pikel (D:8)
  2 ugly things (D:11)
  Maurice (D:11)
  Joseph (D:7)
  Psyche (D:8)
  A merfolk (D:9)
  2 trolls
  2 hippogriffs
  A shadow (D:11)
  Eustachio (D:5)
  A wyvern (D:9)
  2 hungry ghosts (D:9)
  An acid dragon (D:11)
  A water moccasin (D:11)
  2 sky beasts
  3 orc warriors
  2 black bears
  A necrophage (D:9)
  3 ogres
  3 centaurs
  A crocodile (D:8)
  Blork the orc (D:4)
  A big kobold (D:7)
  4 bullfrogs
  A wyvern zombie (D:11)
  2 scorpions
  9 killer bees
  5 wights
  The ghost of grandjackal the Stinger, a weakling DsVM (D:3)
  2 howler monkeys
  7 crimson imps
  3 bullfrog zombies
  5 hounds
  A quasit (D:4)
  4 jellies
  6 orc wizards
  4 orc priests
  Crazy Yiuf (D:2)
  A bullfrog skeleton (D:4)
  6 iguanas
  2 centaur skeletons
  8 worker ants
  Robin (D:1)
  A worker ant zombie (D:9)
  3 gnolls (D:3)
  A howler monkey skeleton (D:5)
  A river rat (D:9)
  10 adders
  2 oozes
  2 adder zombies
  6 worms
  A dart slug (D:2)
  A leopard gecko (D:6)
  32 orcs
  7 giant cockroaches
  15 goblins
  6 hobgoblins
  19 jackals
  3 quokkas
  A ball python (D:1)
  10 bats
  A frilled lizard (D:1)
  16 kobolds
  2 leopard gecko skeletons
  A quokka zombie (D:8)
  6 rats
263 creatures vanquished.

Vanquished Creatures (others)
  A water moccasin (D:8)
1 creature vanquished.

Grand Total: 264 creatures vanquished

Notes
Turn   | Place    | Note
-------+----------+-------------------------------------------
     0 | D:1      | uglyjohn the Troll Berserker began the quest for the Orb.
     0 | D:1      | Reached XP level 1. HP: 22/22 MP: 0/0
   155 | D:1      | Reached XP level 2. HP: 29/29 MP: 1/1
   192 | D:1      | Reached skill level 1 in Throwing
   587 | D:1      | Reached ** piety under Trog
   668 | D:2      | Noticed Robin
   682 | D:1      | Reached XP level 3. HP: 29/36 MP: 2/2
   776 | D:1      | Killed Robin
   895 | D:2      | Reached skill level 4 in Unarmed Combat
   937 | D:2      | Reached XP level 4. HP: 44/44 MP: 3/3
  1008 | D:2      | Found a deep blue altar of Sif Muna.
  1436 | D:2      | Found a runed door.
  1615 | D:2      | Noticed Crazy Yiuf
  1625 | D:2      | Killed Crazy Yiuf
  1852 | D:3      | Reached XP level 5. HP: 45/50 MP: 4/4
  1917 | D:3      | Reached *** piety under Trog
  1937 | D:3      | Noticed grandjackal's ghost (weakling DsVM)
  1945 | D:3      | Killed grandjackal's ghost
  2028 | D:3      | Reached skill level 5 in Unarmed Combat
  2456 | D:4      | Reached XP level 6. HP: 53/59 MP: 5/5
  2783 | D:4      | Noticed Blork the orc
  2785 | D:4      | Reached skill level 6 in Unarmed Combat
  2808 | D:4      | Reached XP level 7. HP: 12/66 MP: 6/6
  2812 | D:4      | HP: 2/99 [something (8)]
  2813 | D:4      | Killed Blork the orc
  3079 | D:5      | Entered Level 5 of the Dungeon
  3108 | D:5      | Reached **** piety under Trog
  3223 | D:5      | Reached skill level 5 in Throwing
  3367 | D:5      | Noticed Eustachio
  3389 | D:5      | Killed Eustachio
  3389 | D:5      | Reached skill level 7 in Unarmed Combat
  3727 | D:6      | Reached XP level 8. HP: 74/74 MP: 7/7
  4014 | D:6      | Found Ziodiminn's Weapon Boutique.
  4041 | D:6      | Found Rukhirul's Distillery.
  4046 | D:6      | Bought a potion of heal wounds for 65 gold pieces
  4178 | D:6      | Found a sacrificial altar of Ru.
  4187 | D:6      | Reached skill level 8 in Unarmed Combat
  4305 | D:6      | Found Omusseuw's Gadget Shop.
  4433 | D:6      | Found Bonwamos's Magic Scroll Emporium.
  4439 | D:6      | Bought a scroll of magic mapping for 35 gold pieces
  4439 | D:6      | Bought a scroll of noise for 10 gold pieces
  4439 | D:6      | Bought a scroll of random uselessness for 10 gold pieces
  4472 | D:6      | Reached ***** piety under Trog
  4604 | D:7      | Found a burning altar of Makhleb.
  5205 | D:7      | Found a staircase to the Ecumenical Temple.
  5346 | D:7      | Noticed Joseph
  5359 | D:7      | Killed Joseph
  5359 | D:7      | Reached skill level 9 in Unarmed Combat
  5359 | D:7      | Reached XP level 9. HP: 39/80 MP: 8/8
  5632 | D:8      | Received a gift from Trog
  5740 | D:8      | Noticed Erica
  5755 | D:8      | Killed Erica
  5755 | D:8      | Reached skill level 10 in Unarmed Combat
  5807 | D:8      | Noticed Pikel
  5818 | D:8      | Killed Pikel
  5920 | D:8      | Found Oveups's Magic Scroll Emporium.
  5925 | D:8      | Bought a scroll of magic mapping for 45 gold pieces
  5950 | D:8      | Noticed Psyche
  5962 | D:8      | Paralysed by Psyche for 4 turns
  6045 | D:8      | Killed Psyche
  6045 | D:8      | Reached XP level 10. HP: 77/88 MP: 9/9
  6119 | D:9      | Found a glowing golden altar of the Shining One.
  6174 | D:9      | Reached skill level 11 in Unarmed Combat
  6286 | D:9      | Found a staircase to the Orcish Mines.
  6719 | D:9      | Noticed a death yak
  6722 | D:9      | Found a staircase to the Lair.
  6722 | D:9      | Noticed a death yak
  6723 | D:9      | Noticed a death yak
  6732 | D:9      | Killed a death yak
  6732 | D:9      | Reached skill level 10 in Throwing
  6738 | D:9      | Killed a death yak
  6745 | D:9      | Killed a death yak
  6745 | D:9      | Reached skill level 12 in Unarmed Combat
  6978 | D:10     | Entered Level 10 of the Dungeon
  7161 | D:10     | Reached XP level 11. HP: 45/94 MP: 10/10
  7164 | D:10     | Received a gift from Trog
  7469 | D:10     | Noticed a two-headed ogre
  7480 | D:10     | Killed a two-headed ogre
  7492 | D:10     | Noticed Urug
  7492 | D:10     | Noticed Harold
  7505 | D:10     | Killed Urug
  7509 | D:10     | Killed Harold
  8055 | D:11     | Received a gift from Trog
  8172 | D:11     | Noticed a purple ugly thing
  8180 | D:11     | Killed a purple ugly thing
  8190 | D:11     | Noticed a cyan ugly thing
  8194 | D:11     | Killed a cyan ugly thing
  8202 | D:11     | Noticed a two-headed ogre
  8204 | D:11     | Noticed Maurice
  8207 | D:11     | Killed a two-headed ogre
  8207 | D:11     | Reached skill level 5 in Fighting
  8220 | D:11     | Killed Maurice
  8321 | D:11     | Slain by a yak

Vault maps used:
D:1:      sevenhm_arrival_forest_fort_small_5
D:2:      minmay_misc_feat_x, lemuel_blue_sif_altar, uniq_crazy_yiuf_cottage,
          uniq_robin
D:3:      first_bread
D:4:      uniq_blork_the_orc
D:5:      uniq_eustachio
D:6:      serial_shops, nicolae_shop_behind_doors, shop, nicolae_shop_trees,
          nicolae_shop_trees, minivault_22, minmay_strange_pillars,
          nicolae_ru_great_annihilating_truth
D:7:      temple_pool_b, makhleb_heckhound_becter, uniq_joseph
D:8:      serial_shops, kennysheep_little_box, uniq_erica, uniq_pikel,
          uniq_psyche
D:9:      tso_metal_star, dpeg_lair_monsters, orc_0_dummy, hangedman_fish_farm
D:10:     minmay_misc_feat_tiny, uniq_urug, uniq_harold
D:11:     uniq_maurice, uniq_josephine

Skill      XL: |  1  2  3  4  5  6  7  8  9 10 11 |
---------------+----------------------------------+-----
Throwing       | 1 2 3 4 5 7 9 10 11 | 11.4
Unarmed Combat | 4 5 6 7 9 10 12 | 12.9
Fighting       | 6 |  6.1
Dodging        | |  2.4

Action                   |  1- 3 |  4- 6 |  7- 9 | 10-12 || total
-------------------------+-------+-------+-------+-------++-------
Melee: Unarmed           |   133 |   167 |   265 |   298 ||   863
       Punch             |     2 |     6 |    15 |    17 ||    40
Throw: Large rock        |       |       |       |     9 ||     9
Invok: Berserk           |     1 |     1 |     1 |     4 ||     7
       Trog's Hand       |       |       |     3 |     4 ||     7
  Use: Scroll            |       |     4 |    10 |     2 ||    16
       Potion            |       |       |       |     2 ||     2
 Stab: Sleeping          |       |       |     2 |     1 ||     3
       Invisible         |       |       |     1 |       ||     1
  Eat: Chunk             |    15 |    18 |    32 |    33 ||    98
Armor: Animal skin       |    72 |    79 |    97 |    99 ||   347
Dodge: Dodged            |   101 |   113 |   150 |   189 ||   553
